Map: Moondance

Players

Yanek

  • Race: Zerg Zerg
  • League: Silver
  • Spawn Location: 12:00

Exterminator - Winner!

  • Race: Terran Terran
  • League: Silver
  • Spawn Location: 6:00

VOD

Have the link to the VOD?

Description

Time

  • Played on: Oct. 27, 2022, 2:10 a.m.
  • Length: 9:16
Show
View Real Time Build Order
Export as new Build Order

Yanek Zerg 

Build Orders: Pool First 

Get SALT Encoding   

  12  0:00  Drone  
  13  0:12  Drone  
  14  0:17  Overlord  
  14  0:22  Extractor  
  14  0:23  Drone  
  14  0:42  Spawning Pool  
  13  0:44  Drone  
  13  0:49  Drone  
  15  0:53  Drone  
  16  0:59  Drone  
  17  1:07  Drone  
  18  1:17  Extractor  
  17  1:28  Queen  
  17  1:30  Metabolic Boost  
  19  1:41  Spine Crawler  
  19  1:44  Spine Crawler  
  17  2:00  Spine Crawler  
  16  2:02  Spore Crawler  
  16  2:03  Spore Crawler  
  14  2:21  Drone  
  14  2:22  Drone x2  
  17  2:33  Overlord  
  17  2:43  Overlord  
  17  3:05  Hatchery  
  16  3:17  Drone x3  
  16  3:19  Drone  
  20  3:27  Drone  
  20  3:28  Drone  
  22  3:40  Lair  
  22  3:47  Drone x2  
  24  3:50  Drone  
  25  4:00  Drone x2  
  28  4:02  Drone  
  28  4:17  Queen  
  28  4:18  Drone x2  
  28  4:19  Drone  
  33  4:41  Infestation Pit  
  32  4:49  Infestation Pit  
  32  4:50  Spire  
  32  4:52  Drone x3  
  34  4:53  Drone x2  
  34  4:57  Overlord  
  26  5:51  Hive  
  26  5:57  Zergling x10  
  28  5:58  Zergling x2  
  32  6:08  Spore Crawler  
  31  6:31  Zerg Flyer Armor Level 1  
Show
View Real Time Build Order
Export as new Build Order

Exterminator Terran - Winner!

Build Orders:  

Get SALT Encoding   

  12  0:01  SCV  
  13  0:13  SCV  
  14  0:18  Supply Depot  
  14  0:25  SCV  
  15  0:29  Refinery  
  15  0:42  Barracks  
  15  0:46  SCV  
  16  0:56  Supply Depot  
  16  1:03  Refinery  
  16  1:06  SCV  
  17  1:29  SCV  
  18  1:34  Marine  
  18  1:39  Ghost Academy  
  19  1:43  SCV  
  20  2:06  Marine  
  20  2:07  SCV  
  22  2:11  Barracks  
  22  2:20  SCV  
  23  2:30  Barracks Tech Lab  
  23  2:32  SCV  
  23  2:34  Personal Cloaking  
  24  2:49  Ghost  
  26  2:52  SCV  
  27  2:58  Barracks Tech Lab  
  27  3:06  Supply Depot  
  27  3:09  Orbital Command  
  27  3:18  Ghost  
  29  3:27  Ghost  
  31  3:36  SCV  
  32  3:49  Ghost  
  34  4:00  Ghost  
  36  4:03  SCV  
  37  4:11  Command Center  
  37  4:17  SCV  
  38  4:29  SCV  
  38  4:30  Factory  
  39  4:47  Supply Depot  
  39  4:49  Supply Depot  
  39  5:09  SCV  
  40  5:41  Ghost x2  
  44  5:50  Factory Tech Lab  
  44  5:51  Nuke  
  44  6:31  Siege Tank  
  47  6:35  Barracks  
  43  7:38  Nuke  
  43  7:42  Barracks Tech Lab  
  43  8:39  Ghost x2  
Tags
 
Matchup
TvZ
Opening
Pool First
Spawn Locations
Cross Positions
Add a new tag
Caveats
  • Supply blocks, unpowered buildings, or Contaminate may cause inaccurate times.
  • Supply counts are checked every 10 seconds.